 Dungeon Crawl Stone Soup version 0.23.1-41-g7e51ed3 (console) character file.

Game seed: 3573220269204563729

297 fly the Shield-Bearer (level 6, 0/37 HPs)
             Began as a Tengu Fighter on Mar 30, 2019.
             Killed by divine providence
             ... invoked by an orc priest
              (9 damage)
             ... on level 3 of the Dungeon.
             The game lasted 00:04:12 (1546 turns).

fly the Shield-Bearer (Tengu Fighter)               Turns: 1546, Time: 00:04:12

Health: 0/37       AC:  7    Str: 16    XL:     6   Next: 35%
Magic:  7/7        EV:  5    Int:  8    God:
Gold:   122        SH: 14    Dex: 16    Spells: 5/5 levels left

rFire    . . .     SeeInvis .   a - +0 long sword
rCold    . . .     Gourm    .   v - +0 large shield
rNeg     . . .     Faith    .   y - +0 scale mail
rPois    .         Spirit   .   (helmet restricted)
rElec    .         Reflect  .   (no cloak)
rCorr    .         Harm     .   (no gloves)
MR       .....                  (boots unavailable)
Stlth    ..........             (no amulet)
HPRegen  0.12/turn              (no ring)
MPRegen  0.10/turn              (no ring)

@: no status effects
A: beak, talons 3, able to fly
a: Fly


You were on level 3 of the Dungeon.
You were not hungry.

You visited 1 branch of the dungeon, and saw 3 of its levels.

You collected 122 gold pieces.

Inventory:

Hand Weapons
 a - a +0 long sword (weapon)
Armour
 v - a +0 large shield (worn)
 y - a +0 scale mail (worn)
Wands
 i - a wand of paralysis (9)
Scrolls
 c - 3 scrolls of identify {unknown}
 e - 3 scrolls of amnesia {unknown}
Potions
 b - 2 potions of agility {unknown}
 d - 2 potions of might
 g - 4 potions of flight {unknown}
 j - a potion of heal wounds {unknown}
Comestibles
 f - 4 rations


   Skills:
 - Level 3.0 Fighting
 - Level 3.7 Long Blades
 + Level 4.7 Armour
 + Level 5.5 Shields


You had 5 spell levels left.
You didn't know any spells.
Your spell library was empty.

Dungeon Overview and Level Annotations

Branches:
Dungeon (3/15)

Altars:
Xom
Yredelemnul


Innate Abilities, Weirdness & Mutations

You have a beak for a mouth.
You have claws for feet.
You can fly continuously.


Message History

You block the jackal's attack.
An orc priest comes into view. It is wielding a +0 falchion.
You closely miss the jackal. Your kick misses the jackal.
The jackal is severely wounded.
You block the jackal's attack.
The orc priest calls down the wrath of Beogh upon you.
Beogh smites you!
The jackal bites you but does no damage.
You completely miss the jackal. You peck the jackal.
You kill the jackal!
You block the jackal's attack.
You hit the jackal but do no damage.
The jackal is heavily wounded.
The jackal bites you but does no damage.
The orc priest mumbles some strange prayers to Beogh against you.
Beogh smites you!
* * * LOW HITPOINT WARNING * * *
The orc priest mumbles some strange prayers to Beogh against you.
Beogh smites you!
You die...

#.#.# ##.#.# #.#.....
#.#.# #.#.###.#.....
#.#.# #.#...#....(..
#.#.#####.##...<.# .##
#.#.##.......#........
#.#.##.#####...#.##.##
###....#.# ##.##.# #
#....#.#.# ... .#
#.#....@h# .#.#### #
######.# #.... #h# #
.# #.# #...# ....#.o
#......## #.## ### #


You could see an orc priest and 2 jackals.

Vanquished Creatures
  Sigmund (D:2)
  Jessica (D:2)
  An adder (D:2)
  An ooze (D:2)
  5 worms
  3 dart slugs (D:1)
  6 leopard geckos
  2 ball pythons
  3 bats
  4 giant cockroaches (D:1)
  6 goblins
  8 hobgoblins
  5 jackals
  2 quokkas (D:2)
  3 frilled lizards (D:2)
  5 kobolds (D:1)
  8 rats
  A plant (D:2)
65 creatures vanquished.

Notes
Turn   | Place    | Note
-------+----------+-------------------------------------------
     0 | D:1      | fly the Tengu Fighter began the quest for the Orb.
     0 | D:1      | Reached XP level 1. HP: 14/14 MP: 2/2
    65 | D:1      | Reached XP level 2. HP: 17/19 MP: 3/3
   159 | D:1      | Reached XP level 3. HP: 20/23 MP: 4/4
   556 | D:2      | Reached XP level 4. HP: 24/28 MP: 5/5
   574 | D:2      | Noticed Sigmund
   590 | D:2      | Killed Sigmund
   590 | D:2      | Reached skill level 5 in Shields
   590 | D:2      | Gained mutation: You can fly continuously. [Tengu growth]
   590 | D:2      | Reached XP level 5. HP: 16/32 MP: 6/6
   590 | D:2      | Reached XP level 6. HP: 19/37 MP: 7/7
   835 | D:2      | Found a shimmering altar of Xom.
   835 | D:2      | Found a basalt altar of Yredelemnul.
  1074 | D:2      | Noticed Jessica
  1076 | D:2      | Killed Jessica
  1546 | D:3      | Killed from afar by an orc priest

Skill      XL: |  1  2  3  4 |
---------------+-------------+-----
Long Blades    | 3 |  3.7
Armour         | 4 |  4.7
Shields        | 5 |  5.5
Fighting       | |  3.0

Action                   |  1- 3 |  4- 6 || total
-------------------------+-------+-------++-------
Melee: Long sword        |    88 |    81 ||   169
       Kick              |    20 |    34 ||    54
       Peck              |    10 |    14 ||    24
Evoke: Wand              |       |     1 ||     1
 Stab: Paralysed         |       |     4 ||     4
  Eat: Chunk             |       |     2 ||     2
Armor: Scale mail        |    34 |    11 ||    45
Dodge: Dodged            |    17 |     6 ||    23
Block: Shield            |    33 |       ||    33
       Large shield      |     4 |    38 ||    42
       Rpst.: Long sword |     7 |     2 ||     9
